 Dungeon Crawl Stone Soup version 0.21.1-1-g345015f (webtiles) character file.

44 kae the Insei (level 3, -1/26 HPs)
             Began as a Demonspawn Transmuter on June 13, 2018.
             Slain by a hobgoblin (3 damage)
             ... led by Robin
             ... on level 2 of the Dungeon.
             The game lasted 00:01:44 (2301 turns).

kae the Insei (Demonspawn Transmuter)               Turns: 2301, Time: 00:01:44

Health: -1/26      AC:  3    Str: 10    XL:     3   Next: 39%
Magic:  4/6        EV: 12    Int: 14    God:
Gold:   84         SH:  0    Dex: 14    Spells: 0/6 levels left

rFire    . . .     SeeInvis .     - Unarmed
rCold    . . .     Gourm    .   (no shield)
rNeg     . . .     Faith    .   b - +1 robe
rPois    .         Spirit   .   (helmet restricted)
rElec    .         Reflect  .   (no cloak)
rCorr    .         Harm     .   (no gloves)
MR       .....                  (no boots)
Stlth    ++........             (no amulet)
HPRegen  0.08/turn              e - ring of flight
MPRegen  0.10/turn              k - ring of stealth

@: very slightly contaminated, starving
A: horns 1
a: Evoke Flight


You were on level 2 of the Dungeon.
You were starving.

You visited 1 branch of the dungeon, and saw 3 of its levels.

You collected 84 gold pieces.

Inventory:

Missiles
 a - 10 arrows
Armour
 b - a +1 robe (worn)
Jewellery
 e - a ring of flight (left hand)
 k - a ring of stealth (right hand)
Scrolls
 i - 2 scrolls of teleportation
 n - a scroll of remove curse
Potions
 f - a potion of flight {unknown}
 g - a potion of might
 j - a potion of cancellation
 l - a potion of invisibility {unknown}
 m - a potion of haste {unknown}
Books
 c - a book of Changes

   Spells                             Type                      Level
   a - Beastly Appendage              Transmutation                1
   b - Sticks to Snakes               Transmutation                2
   c - Spider Form                    Transmutation/Poison         3
   d - Ice Form                       Ice/Transmutation            4
   e - Blade Hands                    Transmutation                5
Comestibles
 d - a ration


   Skills:
 + Level 1.5 Fighting
 + Level 2.1 Dodging
 * Level 3.2 Unarmed Combat
 + Level 2.3 Spellcasting
 + Level 2.1 Transmutations


You couldn't memorise any spells.
You knew the following spells:

 Your Spells              Type           Power        Failure   Level  Hunger
a - Beastly Appendage     Tmut           #.....       10%         1    #......
b - Sticks to Snakes      Tmut           #.......     14%         2    ###....
c - Spider Form           Tmut/Pois      #.........   41%         3    ###....


Dungeon Overview and Level Annotations

Branches:
Dungeon (3/15)

Altars:
Ru

Annotations:
D:3 Robin


Innate Abilities, Weirdness & Mutations

You have a pair of small horns on your head.


Message History

You are too injured to fight recklessly!
You are too injured to fight recklessly!
You hit the hobgoblin but do no damage.
The hobgoblin is moderately wounded.
The hobgoblin hits you.
* * * LOW HITPOINT WARNING * * *
You barely miss the hobgoblin.
The hobgoblin is moderately wounded.
The hobgoblin hits you.
* * * LOW HITPOINT WARNING * * *
You hit the hobgoblin.
The hobgoblin is severely wounded.
You barely miss the hobgoblin. Your headbutt misses the hobgoblin.
The hobgoblin is severely wounded.
The hobgoblin hits you.
* * * LOW HITPOINT WARNING * * *
You closely miss the hobgoblin.
The hobgoblin is severely wounded.
The hobgoblin hits you.
You die...

≈.......#####..###.###
P.......# #..#...#
≈.......######.#.###
........##.......##
P.......##.###....#
≈.......##.###....#
..................#
...........####...####
...........# #g@....#
...........# #......#
############ #......#
#......# #......#
#......# #......#
#......# #......#


You could see a hobgoblin.

Vanquished Creatures
  An adder zombie (D:3)
  A leopard gecko (D:1)
  3 giant cockroaches
  8 goblins
  6 hobgoblins
  3 ball pythons (D:1)
  3 bats (D:1)
  3 frilled lizards
  3 kobolds
  4 rats
35 creatures vanquished.

Vanquished Creatures (collateral kills)
  A dart slug (D:1)
  A frilled lizard (D:2)
2 creatures vanquished.

Grand Total: 37 creatures vanquished

Notes
Turn   | Place    | Note
-------+----------+-------------------------------------------
     0 | D:1      | kae the Demonspawn Transmuter began the quest for the Orb.
     0 | D:1      | Reached XP level 1. HP: 15/15 MP: 3/3
   644 | D:1      | Gained mutation: You have a pair of small horns on your head. [demonic ancestry]
   644 | D:1      | Reached XP level 2. HP: 12/21 MP: 3/5
   657 | D:1      | Learned a level 2 spell: Sticks to Snakes
  1004 | D:1      | Reached skill level 3 in Unarmed Combat
  1767 | D:2      | Found a sacrificial altar of Ru.
  2120 | D:3      | Reached XP level 3. HP: 26/26 MP: 4/6
  2160 | D:3      | Learned a level 3 spell: Spider Form
  2246 | D:3      | Noticed Robin
  2301 | D:2      | Slain by a hobgoblin

Skill      XL: |  1  2 |
---------------+-------+-----
Transmutations | 2 |  2.1
Dodging        | 2 |  2.1
Unarmed Combat | 3 |  3.2
Fighting       | |  1.5
Spellcasting   | |  2.3

Action                   || total
-------------------------++-------
Melee: Unarmed           ||   116
       Kick              ||    13
       Punch             ||     2
       Headbutt          ||     8
 Cast: Beastly Appendage ||    17
       Sticks to Snakes  ||     2
  Use: Scroll            ||     7
 Stab: Sleeping          ||     2
  Eat: Chunk             ||     3
Armor: Robe              ||    23
Dodge: Dodged            ||    81
